 Dungeon Crawl Stone Soup version 0.29.1-1-gd02db6906a (webtiles) character file.

Game seed: 6600791629972190613

1256212 AlexRAT the Axe Maniac (level 27, 0/450 HPs)
             Began as a Minotaur Berserker on Oct 9, 2022.
             Was a High Priest of Trog.
             Slain by a bennu (6 damage)
             ... on level 1 of the Tomb of the Ancients on Oct 11, 2022.
             The game lasted 06:37:24 (93545 turns).

AlexRAT the Axe Maniac (Minotaur Berserker)        Turns: 93545, Time: 06:37:24

Health: 0/450      AC: 33    Str: 40    XL:     27
Magic:  22/22      EV:  2    Int:  4    God:    Trog [*****.]
Gold:   12841      SH:  0    Dex: 22    Spells: 26/26 levels left

rFire   + . .      SeeInvis .   a - +12 executioner's axe of Drought {vorpal, rC+ rCorr Str+4}
rCold   + + .      Faith    .   (shield currently unavailable)
rNeg    + + +      Spirit   .   (body armour currently unavailable)
rPois   +          Reflect  .   (helmet currently unavailable)
rElec   +          Harm     .   (cloak currently unavailable)
rCorr   +          Rampage  .   (gloves currently unavailable)
Will    ++++.      NoTele   +   (boots currently unavailable)
Stlth   +++++++++.              P - amulet "Cililu" {rC+ rN++ Regen+}
HPRegen 2.65/turn               s - ring of Ozib {rElec rF+ rN++ Str-2 Dex+6}
MPRegen 0.18/turn               V - ring of Capt {rPois rCorr Str+6 Dex+2}

@: tree-form (expiring), strong-willed, on berserk cooldown, regenerating,
slowed, studying Unarmed Combat, very slow
A: stationary, stasis, torment immunity, boosted hp, (horns 2), (retaliatory
headbutt), mutation resistance 1, sense surroundings 1, robust 1, subdued magic
1, MP-powered wands, noise suppression
}: 14/15 runes: serpentine, barnacled, slimy, silver, iron, obsidian, icy, bone,
abyssal, demonic, glowing, magical, fiery, dark
a: Renounce Religion, Berserk, Trog's Hand, Brothers in Arms


You were on level 1 of the Tomb of the Ancients.
You worshipped Trog.
Trog was extremely pleased with you.
You were a tree.
You visited 17 branches of the dungeon, and saw 83 of its levels.
You visited Pandemonium 1 time, and saw 16 of its levels.
You visited the Abyss 3 times.
You visited 1 bazaar.
You also visited: Bailey, Ice Cave, Wizlab and Desolation.

You collected 16054 gold pieces.
You spent 3213 gold pieces at shops.

Inventory:

Hand Weapons
 a - the +12 executioner's axe of Drought (weapon) {vorpal, rC+ rCorr Str+4}
   (Trog gifted it to you on level 3 of the Snake Pit)

   It inflicts extra damage upon your enemies.
   Str:       It affects your strength (+4).
   rC:        It protects you from cold.
   rCorr:     It protects you from acid and corrosion.
 b - the +12 arbalest "Jellyslayer" {speed, rElec rPois}
   (You found it on level 3 of the Elven Halls)

   Attacks with this weapon are significantly faster.
   rElec:     It insulates you from electricity.
   rPois:     It protects you from poison.
Missiles
 f - 3 throwing nets
 q - 24 javelins (quivered)
Armour
 j - the +2 hat of Pandemonium (melded) {rF+ Slay+4}
   (You found it on level 3 of the Elven Halls)

   Slay:      It affects your accuracy & damage with ranged weapons and melee
   (+4).
   rF:        It protects you from fire.
 v - a +2 pair of gloves of infusion (melded)
 G - the +17 crystal plate armour "Beseciqa" (melded) {Slay+5}
   (You found it in a bailey)

   Slay:      It affects your accuracy & damage with ranged weapons and melee
   (+5).
 H - a +2 pair of boots of rampaging (melded)
 M - a scarf of resistance (melded)
Jewellery
 s - the ring of Ozib (left branch) {rElec rF+ rN++ Str-2 Dex+6}
   (You acquired it on level 4 of the Snake Pit)

   [ring of dexterity]

   Str:       It affects your strength (-2).
   Dex:       It affects your dexterity (+6).
   rF:        It protects you from fire.
   rElec:     It insulates you from electricity.
   rN:        It greatly protects you from negative energy.
 D - a ring of see invisible
 N - the ring of Daffodils {Fly rC+ Will+ Dex+3}
   (You acquired it on level 4 of the Snake Pit)

   [ring of flight]

   Dex:       It affects your dexterity (+3).
   rC:        It protects you from cold.
   Fly:       It grants you flight.
   Will:      It increases your willpower.
 P - the amulet "Cililu" (around neck) {rC+ rN++ Regen+}
   (You bought it in a shop on level 11 of the Dungeon)

   [amulet of regeneration]

   rC:        It protects you from cold.
   rN:        It greatly protects you from negative energy.
   Regen:     It increases your rate of health regeneration.
 V - the ring of Capt (right branch) {rPois rCorr Str+6 Dex+2}
   (You took it off a deep elf demonologist on level 3 of the Elven Halls)

   [ring of strength]

   Str:       It affects your strength (+6).
   Dex:       It affects your dexterity (+2).
   rPois:     It protects you from poison.
   rCorr:     It protects you from acid and corrosion.
 Y - the ring "Jyegiob" {rC++ rN+ rCorr Int-4 Stlth+}
   (You found it in Pandemonium)

   [ring of positive energy]

   Int:       It affects your intelligence (-4).
   rC:        It greatly protects you from cold.
   rN:        It protects you from negative energy.
   rCorr:     It protects you from acid and corrosion.
   Stlth:     It makes you more stealthy.
Wands
 c - a wand of polymorph (6)
 g - a wand of flame (20)
 r - a wand of mindburst (29)
 y - a wand of digging (22)
 O - a wand of light (13)
 R - a wand of iceblast (57)
 Z - a wand of paralysis (13)
Scrolls
 d - 32 scrolls of teleportation
 h - 10 scrolls of immolation
 i - 19 scrolls of fog
 l - 5 scrolls of magic mapping
 o - 39 scrolls of identify
 C - 2 scrolls of enchant armour
 E - 12 scrolls of blinking
 F - 3 scrolls of summoning
 K - 15 scrolls of fear
 L - a scroll of enchant weapon
 U - 8 scrolls of silence
Potions
 e - 12 potions of mutation
 k - 6 potions of haste
 m - 15 potions of attraction
 n - 11 potions of ambrosia
 p - 15 potions of heal wounds
 t - 32 potions of curing
 u - a potion of invisibility
 w - 9 potions of might
 z - 3 potions of cancellation
 J - 8 potions of flight
 Q - 4 potions of berserk rage
 W - 18 potions of lignification
Miscellaneous
 x - a tin of tremorstones (2/2)
 A - a phantom mirror
 B - a box of beasts
 I - a lightning rod (4/4)
 S - a phial of floods
 X - a condenser vane


   Skills:
 O Level 27 Fighting
 O Level 27 Axes
 O Level 27 Ranged Weapons
 + Level 23.1 Throwing
 O Level 27 Armour
 O Level 27 Dodging
 - Level 22.8 Stealth
 O Level 27 Evocations


You had 26 spell levels left.
You didn't know any spells.
Your spell library was empty.

Dungeon Overview and Level Annotations

Branches:
Dungeon (15/15)            Temple (0/1) D:6            Lair (5/5) D:11
 Shoals (4/4) Lair:3        Snake (4/4) Lair:2        Slime (5/5) Lair:5
    Orc (2/2) D:11            Elf (3/3) Orc:2        Vaults (5/5) D:14
  Crypt (3/3) Vaults:2       Tomb (1/3) Crypt:3      Depths (4/4) D:15
   Hell (visited)             Dis (7/7) Hell            Geh (7/7) Hell
    Coc (7/7) Hell            Tar (7/7) Hell            Zot (5/5) Depths:4
 Bailey (visited)           IceCv (visited)          WizLab (visited)
Desolation (visited)

Altars:
Ashenzari
Cheibriados
Elyvilon
Fedhas
Gozag
Hepliaklqana
Kikubaaqudgha
Okawaru
Trog
Uskayaw
Wu Jian
Zin
The Shining One
Jiyva
Lugonu

Shops:
D:1 [*([[   D:8 :   D:11 (==(   Orc:2 !([?   Elf:2 =   Elf:3 (   Shoals:2 [
Shoals:3 :   Snake:4 *   Vaults:5 (   Depths:1 [*:*   Depths:3 *

Portals:
Hell: Depths:1 Depths:2 Depths:3 Depths:4
Abyss: Depths:2 Depths:3
Pandemonium: Depths:2 Depths:3
Ziggurat: Depths:3

Annotations:
D:15 exclusion: 2 doors
Zot:5 exclusion: door


Innate Abilities, Weirdness & Mutations

You are a tree.
Your roots penetrate the ground, keeping you stationary.
You cannot be teleported.
You are immune to unholy pain and torment.
Your maximum health is greatly increased.
Your equipment is partially melded.
((You have a pair of horns on your head.))
((You reflexively headbutt those who attack you in melee.))
You are somewhat resistant to further mutation.
You passively map a small area around you.
You are robust. (+10% HP)
Your spells are a little easier to cast, but a little less powerful.
You expend magic power (3 MP) to strengthen your wands.
You passively dampen the noise of your surroundings.


Message History

You are too berserk!
Your transformation is almost over.
You are no longer berserk.
You are exhausted.
You feel as though you will be slow longer.
The bennu jubilantly flits about.
You feel much better.
You feel much better.
The bennu jubilantly flits about.
The bennu pecks you but does no damage. The bennu claws you but does no damage.
The bennu claws you.
* * * LOW HITPOINT WARNING * * *
The bennu pecks you but does no damage. The bennu claws you.
* * * LOW HITPOINT WARNING * * *
The bennu claws you but does no damage.
Your skin crawls.
You feel strong-willed.
The sentinel's mark upon you fades away.
The bennu pecks you.
* * * LOW HITPOINT WARNING * * *
The bennu claws you but does no damage. x2
The bennu pecks you but does no damage.
The bennu claws you but does no damage. x2
You miss the bennu. The bennu pecks you!
* * * LOW HITPOINT WARNING * * *
The bennu claws you but does no damage. The bennu claws you!
* * * LOW HITPOINT WARNING * * *
The bennu pecks you but does no damage. The bennu claws you!
* * * LOW HITPOINT WARNING * * *
The bennu claws you but does no damage.
Okay, then.
Okay, then.
You slice the bennu!!
The bennu is heavily wounded.
The bennu pecks you!
* * * LOW HITPOINT WARNING * * *
The bennu claws you.
* * * LOW HITPOINT WARNING * * *
The bennu claws you!
* * * LOW HITPOINT WARNING * * *
The bennu pecks you but does no damage. The bennu claws you.
You die...

,.......§..§....^....,,,,*,,**...
*####...§...............,*,,**...
,,,,#...................,*,,**...
**,,#............^......,*,,**...
**,,#..)..$.............,*,,**...
,*,,#...................,*,,*#...
>*,,#...................,*,,*#...
**,,#..........b.†..^...,*,,*#...
,,,,*...........♣.......,*,,*#...
,,,,*,.........†........,*,,*#...
*****,,,,...............,*,,*#...
,,,,,,,,,...............,*,,*#...
,,,,,,,,,...............,*,,*#...
*****,,,,......^........,*,,*#...
*^,,*,,,,..^.........+##**,,*#...
,,*,*,,,,....^.......#,^,*,,*#...
***,*,,,,,,,,,,,,,,,,*,^,*,,*#...


You could see a bennu.

Vanquished Creatures
  Cerebov (Pan)
  Antaeus (Coc:7)
  the Royal Jelly (Slime:5)
  Asmodeus (Geh:7)
  A seraph (Pan)
  the Serpent of Hell (Tar:7)
  Gloorx Vloq (Pan)
  Ereshkigal (Tar:7)
  Mnoleg (Pan)
  Lom Lobon (Pan)
  Dispater (Dis:7)
  8 pandemonium lords (Pan)
  6 dread liches
  Mennas (Crypt:3)
  An orb of fire (Zot:2)
  5 ancient liches
  7 juggernauts
  4 royal mummies (Tomb:1)
  Sojobo (Vaults:5)
  10 shard shrikes
  Frederick (Vaults:4)
  Bai Suzhen (Snake:3)
  Margery (Depths:3)
  3 curse toes
  38 caustic shrikes
  Geryon (Hell)
  Vashnia (Snake:3)
  9 profane servitors
  the Enchantress (Depths:2)
  Nikola (Elf:1)
  12 golden dragons
  2 pearl dragons (Pan)
  18 bone dragons
  13 Tzitzimimeh
  9 doom hounds
  An electric golem (Zot:1)
  10 Brimstone Fiends
  A shard shrike zombie (Tar:7)
  9 iron giants
  10 hellephants
  Jorgrun (Snake:3)
  A spectral shard shrike (Tar:6)
  Zenata (Elf:2)
  22 tentacled monstrosities
  29 Hell Sentinels
  4 liches
  7 searing wretches
  21 Ice Fiends
  15 tainted leviathans
  11 quicksilver dragons
  3 deep elf blademasters
  23 titans
  2 deep elf master archers (Elf:3)
  2 eldritch tentacles (Pan)
  Polyphemus (Shoals:4)
  20 acid blobs
  7 sphinxes
  37 ancient champions
  3 death cobs
  30 Executioners
  15 tentacled starspawn
  3 krakens
  Kirke (Lair:4)
  Agnes (Elf:2)
  16 nagarajas (Snake:4)
  The ghost of glosham the Cutthroat, an adept KoSu of Cheibriados (Snake:4)
  Ilsuiw (Shoals:3)
  14 tengu reavers
  14 azure jellies
  14 storm dragons
  11 shadow dragons
  9 draconian monks
  11 demonspawn warmongers (Pan)
  13 rockslimes
  18 daevas (Pan)
  5 draconian knights
  20 fire giants
  17 frost giants
  18 narguns
  A caustic shrike zombie (Tar:7)
  12 quicksilver elementals
  An imperial myrmidon (Desolation)
  2 revenants
  2 deep elf sorcerers (Elf:3)
  6 ghost moths
  19 vault wardens
  7 draconian shifters
  7 iron dragons
  6 draconian scorchers
  20 cacodemons
  8 ghouls
  Aizul (Vaults:1)
  6 shard shrike simulacra
  2 curse skulls (Pan)
  2 spectral juggernauts
  31 angels
  3 juggernaut zombies
  26 stone giants
  6 deep elf elementalists
  6 draconian annihilators
  3 orc warlords
  2 spectral caustic shrikes
  5 caustic shrike skeletons
  6 draconian stormcallers
  39 very ugly things
  20 reapers
  27 war gargoyles
  23 balrugs
  18 ophanim (Pan)
  19 ironbound preservers
  11 quicksilver oozes
  5 spriggan defenders (Depths:2)
  8 ironbound thunderhulks
  22 demonspawn corrupters (Pan)
  5 demonspawn blood saints (Pan)
  9 vampire knights
  15 demonspawn black suns (Pan)
  9 elemental wellsprings
  7 green draconians
  25 apis (Pan)
  11 putrid mouths
  3 halazid warlocks (Desolation)
  6 deep elf demonologists
  12 black draconians
  6 deep elf annihilators
  Nessos (D:13)
  14 lorocyprocas
  12 white draconians
  A bunyip (Abyss:3)
  11 red draconians
  12 wendigos
  5 entropy weavers
  10 purple draconians
  A spark wasp (Depths:2)
  11 yellow draconians
  12 iron golems
  6 dire elephants
  12 green deaths
  Azrael (D:15)
  20 blizzard demons
  14 eidola
  A merfolk impaler (Shoals:1)
  2 merfolk javelineers
  2 crystal guardians (Desolation)
  7 mummy priests (Tomb:1)
  16 ettins
  7 spectral spriggans
  10 deep elf death magi
  5 jiangshi
  Josephine (Orc:1)
  17 yaktaur captains
  15 fire dragons
  A spectral fenstrider witch (Tar:1)
  5 deep elf high priests
  8 servants of whispers (Desolation)
  28 vault guards
  15 great orbs of eyes
  2 spriggan air magi
  A spectral shadow dragon (Tar:1)
  Fannar (Lair:2)
  16 salamander tyrants
  9 merfolk aquamancers (Shoals:4)
  6 rakshasas
  20 centaur warriors
  A quicksilver dragon skeleton (Depths:2)
  8 hell beasts
  7 boulder beetles
  8 ironbound frosthearts
  7 ragged hierophants (Desolation)
  4 juggernaut simulacra
  2 peacekeepers
  4 caustic shrike simulacra
  13 anacondas
  5 catoblepae
  12 hydras
  12 ice dragons
  4 merfolk avatars (Shoals:4)
  An ogre mage (Vaults:5)
  11 naga warriors
  4 satyrs
  49 dancing weapons
  A spriggan skeleton (Crypt:1)
  A spectral stone giant (Tar:3)
  5 death scarabs (Tomb:1)
  Erica (Lair:2)
  6 deep troll shamans
  7 two-headed ogres
  3 death knights
  29 death yaks
  17 hell hogs
  The ghost of kalagan the Thaumaturge, a journeyman DECj of Sif Muna (Lair:2)
  5 vampire magi
  An alligator (Lair:5)
  A titan zombie (Tar:7)
  9 thrashing horrors
  6 deep troll earth magi
  6 orc high priests
  7 shock serpents
  32 soul eaters
  Urug (Lair:2)
  Sonja (Lair:2)
  2 spectral dire elephants
  4 tengu warriors
  53 sun demons
  15 naga sharpshooters
  9 spriggan berserkers
  A storm dragon zombie (Depths:4)
  13 hell knights
  11 crystal echidnas
  22 deep elf knights
  2 titan skeletons
  10 wretched stars
  18 sixfirhies
  Nergalle (D:12)
  6 iron trolls
  3 spatial maelstroms
  41 shadow wraiths
  A death drake (Abyss:3)
  7 salamander mystics
  14 skeletal warriors
  A spark wasp zombie (Depths:2)
  3 anaconda zombies (Hell)
  50 deep trolls
  23 cherubim (Pan)
  16 shadow demons (Pan)
  A glowing orange brain (shapeshifter) (Abyss:3)
  9 naga ritualists
  3 spriggan simulacra
  21 sea snakes
  2 iron giant zombies
  A bunyip skeleton (Crypt:2)
  4 flayed ghosts
  2 quicksilver dragon simulacra
  An obsidian statue (Snake:4)
  2 glowing orange brains
  A spectral hydra (Tar:5)
  2 fenstrider witch simulacra
  Pikel (D:4)
  25 ironbound convokers
  9 lindwurms
  An orange crystal statue (Crypt:2)
  3 anaconda skeletons (Hell)
  12 necromancers
  14 deep elf archers
  13 harpies
  32 starcursed masses
  16 wizards
  A wolf spider zombie (Crypt:2)
  3 wolf spiders (D:15)
  8 bog bodies
  16 phantasmal warriors
  30 deep elf pyromancers
  3 shining eyes (Pan)
  35 deep elf zephyrmancers
  10 orc knights
  A wolf spider (shapeshifter) (Abyss:2)
  61 large abominations
  62 ugly things
  A frost giant zombie (Depths:2)
  2 salamanders (shapeshifter) (D:15)
  7 fauns
  13 mana vipers
  An eleionoma zombie (Crypt:2)
  A sphinx skeleton (Crypt:2)
  7 orc sorcerers
  24 salamanders
  An iron dragon skeleton (Tar:7)
  25 moths of wrath
  A cyclops (shapeshifter) (Depths:2)
  28 manticores
  2 will-o-the-wisps
  4 worldbinders
  2 fire giant zombies (Depths:2)
  16 elephants
  A moth of wrath (shapeshifter) (Vaults:5)
  8 cyclopes
  2 apocalypse crabs
  A jorogumo skeleton (Crypt:3)
  A spectral centaur (Tar:1)
  7 molten gargoyles
  9 rust devils
  21 naga magi
  16 vault sentinels
  10 merfolk sirens
  A human skeleton (Vaults:3)
  4 ice statues
  A torpor snail (Lair:5)
  A stone giant skeleton (Crypt:1)
  7 guardian serpents
  4 eyes of devastation
  The ghost of glosham the Grappler, a novice TrCA of Ignis (D:5)
  52 smoke demons
  2 gargoyles
  4 titan simulacra
  8 water nymphs
  24 orange demons
  4 unseen horrors
  8 cane toads
  A torpor snail (shapeshifter) (Vaults:1)
  27 hellions
  40 black mambas
  A kobold demonologist (D:12)
  15 demonic crawlers
  10 efreet
  A centaur skeleton (Tomb:1)
  A komodo dragon (shapeshifter) (Abyss:3)
  An alligator snapping turtle skeleton (Crypt:1)
  30 yaktaurs
  10 komodo dragons
  9 rime drakes
  A dire elephant skeleton (Crypt:2)
  21 tormentors
  3 anaconda simulacra
  2 ice devils
  9 hellwings
  3 golden dragon simulacra
  6 tengu conjurers
  10 freezing wraiths
  A hydra zombie (Hell)
  17 merfolk
  10 ancient zymes
  6 guardian mummies (Tomb:1)
  A human zombie (Vaults:3)
  3 polar bears
  4 wind drakes
  A queen bee (D:14)
  12 trolls
  A harpy zombie (Crypt:2)
  A spectral harpy (Tar:3)
  A yaktaur skeleton (Vaults:3)
  4 red devils
  A tyrant leech (shapeshifter) (Vaults:5)
  9 meliai
  A tarantella (shapeshifter) (D:13)
  2 mana viper skeletons (Crypt:3)
  49 saltlings (Desolation)
  4 harpy skeletons
  10 blink frogs
  2 shadow dragon simulacra
  3 hydra skeletons
  Grinder (D:6)
  A hornet (shapeshifter) (D:14)
  6 raiju
  8 hornets
  92 slime creatures
  14 snapping turtles
  8 dream sheep
  Prince Ribbit (D:7)
  2 iron dragon simulacra
  3 spriggan zombies
  A stone giant simulacrum (Coc:1)
  A centaur simulacrum (D:15)
  4 vampires
  3 dire elephant simulacra
  2 alligator zombies
  An ettin skeleton (Pan)
  9 flying skulls
  A shadow (D:10)
  A wyvern (Lair:5)
  2 naga simulacra (Coc:7)
  A spriggan (shapeshifter) (Depths:2)
  12 spriggans
  A jumping spider (Vaults:2)
  40 ynoxinuls
  A culicivora (shapeshifter) (D:13)
  A fire bat (Abyss:2)
  7 hogs (Lair:4)
  10 wraiths
  9 basilisks
  45 yaks
  22 small abominations
  13 water elementals
  A yak (shapeshifter) (Abyss:3)
  An alligator snapping turtle simulacrum (Coc:1)
  4 fire elementals
  An ushabti (Tomb:1)
  Eustachio (D:6)
  6 golden eyes
  2 redbacks
  16 vampire mosquitoes
  A sea snake simulacrum (Hell)
  Grum (Lair:1)
  34 neqoxecs
  5 wargs
  16 chaos spawn
  12 spatial vortices
  9 harpy simulacra
  An acid dragon (D:10)
  A fire bat skeleton (Crypt:2)
  30 nagas
  2 hydra simulacra
  8 hell hounds
  A floating eye (Pan)
  3 naga skeletons
  17 water moccasins
  A meliai simulacrum (D:15)
  34 orc warriors
  A glowing shapeshifter skeleton (Depths:1)
  3 ice beasts
  2 sky beasts
  A lindwurm zombie (Crypt:1)
  4 ettin simulacra
  5 ogres
  A floating eye zombie (Crypt:3)
  An ice dragon simulacrum (Crypt:1)
  20 wolves
  A blink frog zombie (Crypt:1)
  23 centaurs
  An elephant skeleton (Crypt:2)
  A phantom (D:5)
  A kobold brigand (D:8)
  3 earth elementals
  2 scorpions (D:5)
  5 bullfrogs
  8 necrophages
  A deep troll simulacrum (Crypt:2)
  7 wights (D:8)
  14 killer bees (D:14)
  A lindwurm simulacrum (IceCv)
  A shapeshifter skeleton (Crypt:3)
  7 wolf zombies (Bailey)
  6 electric eels
  2 howler monkeys
  9 vampire bats (Bailey)
  5 crimson imps (Pan)
  5 komodo dragon simulacra (IceCv)
  4 quasits
  8 hounds
  Crazy Yiuf (D:7)
  2 gnoll boudas
  27 orc priests
  An iron imp (Abyss:3)
  A jelly (D:3)
  A boggart zombie (Crypt:1)
  3 iguanas
  44 orc wizards
  A scorpion zombie (Crypt:3)
  An ogre zombie (Crypt:1)
  A deep dwarf zombie (Crypt:3)
  An ogre skeleton (Crypt:3)
  5 mummies (Tomb:1)
  8 gnolls
  8 acid dragon simulacra (IceCv)
  3 adders
  A steam dragon skeleton (Crypt:2)
  A shadow imp (D:4)
  17 white imps
  4 ufetubi
  7 steam dragon simulacra (IceCv)
  3 worms
  A dart slug (D:1)
  82 orcs
  3 bats
  A bat skeleton (Crypt:1)
  A bat zombie (Crypt:1)
  7 endoplasms
  7 goblins
  3 hobgoblins
  4 jackals (D:3)
  5 kobolds
  5 quokkas
  8 ball pythons
  2 frilled lizards
  A gnoll skeleton (Crypt:3)
  A jackal zombie (Crypt:1)
  A kobold zombie (Crypt:2)
  20 orc zombies (Bailey)
  A quokka skeleton (Crypt:1)
  2 rats (D:1)
  A rat skeleton (Crypt:1)
  A ball lightning (Pan)
  6 creeping infernos
  24 fire vortices
  2 lurking horrors (Abyss:3)
  12 starspawn tentacles
  8 tentacles
4199 creatures vanquished.

Vanquished Creatures (collateral kills)
  A rust devil (Hell)
  A floating eye (Pan)
2 creatures vanquished.

Vanquished Creatures (others)
  A cacodemon (Pan)
  2 juggernaut simulacra (Coc:7)
  A soul eater (Hell)
  A naga ritualist (Snake:4)
  A deep elf pyromancer (Elf:1)
  2 wizards (Pan)
  3 titan simulacra
  2 orange demons (Pan)
  A rime drake (IceCv)
  An anaconda simulacrum (Coc:6)
  A spriggan (Depths:3)
  A neqoxec (Pan)
  A naga (Snake:1)
  2 harpy simulacra
  An orc priest (Elf:1)
  An orc wizard (Orc:2)
  An orc (Elf:1)
  5 ball lightnings (Pan)
  A fire vortex (Geh:7)
  8 foxfires
  20 fungi
  A lurking horror (Abyss:2)
  167 plants
  10 starspawn tentacles
  27 tentacles
262 creatures vanquished.

Grand Total: 4463 creatures vanquished

Notes
Turn   | Place    | Note
-------+----------+-------------------------------------------
     0 | D:1      | AlexRAT the Minotaur Berserker began the quest for the Orb.
     0 | D:1      | Reached XP level 1. HP: 19/19 MP: 0/0
    11 | D:1      | Found Huosi's Antique Armour Shop.
    80 | D:1      | Found Afeuhoh's Armour Shop.
   204 | D:1      | Found Xyhawk's Assorted Antiques.
   223 | D:1      | Found Zyuwen's Antique Armour Emporium.
   248 | D:1      | Found Upurill Fusk's Weapon Boutique.
   294 | D:1      | Found a faded altar of an unknown god.
   341 | D:1      | Reached XP level 2. HP: 23/27 MP: 1/1
   961 | D:2      | Reached ** piety under Trog
  1030 | D:2      | You fall into a shaft and drop 1 floor!
  1041 | D:3      | Reached XP level 3. HP: 33/33 MP: 2/2
  1052 | D:3      | Reached XP level 4. HP: 29/41 MP: 3/3
  1333 | D:2      | Found a snail-covered altar of Cheibriados.
  1673 | D:3      | Found an ornate altar of the Wu Jian Council.
  1882 | D:3      | Reached XP level 5. HP: 47/47 MP: 4/4
  1961 | D:3      | Found a hazy altar of Hepliaklqana.
  1963 | D:3      | Found a hide-covered altar of Uskayaw.
  1964 | D:3      | Found an ancient bone altar of Kikubaaqudgha.
  2560 | D:4      | Noticed Pikel
  2561 | D:4      | Noticed a lemure
  2566 | D:4      | Noticed a lemure
  2574 | D:4      | Noticed a lemure
  2575 | D:4      | Reached skill level 5 in Fighting
  2575 | D:4      | Reached skill level 5 in Axes
  2576 | D:4      | Killed Pikel
  2577 | D:4      | Reached skill level 5 in Armour
  2577 | D:4      | Reached XP level 6. HP: 55/57 MP: 5/5
  2577 | D:4      | Reached XP level 7. HP: 61/63 MP: 6/6
  2737 | D:4      | Reached skill level 5 in Dodging
  3077 | D:5      | Entered Level 5 of the Dungeon
  3125 | D:5      | Found a runed translucent door.
  3125 | D:5      | Noticed glosham's ghost (novice TrCA)
  3214 | D:5      | Reached XP level 8. HP: 68/71 MP: 7/7
  3620 | D:5      | Killed glosham's ghost
  3947 | D:5      | Found an opulent altar of Gozag.
  4137 | D:6      | Found a staircase to the Ecumenical Temple.
  4143 | D:6      | Noticed Grinder
  4167 | D:6      | Killed Grinder
  4168 | D:6      | Reached XP level 9. HP: 56/81 MP: 8/8
  4379 | D:6      | Identified the +1 scale mail of Idealism {rPois Int+4}
  4414 | D:6      | Noticed Eustachio
  4432 | D:6      | Killed Eustachio
  5310 | D:7      | Reached *** piety under Trog
  5573 | D:7      | Noticed Prince Ribbit
  5588 | D:7      | Killed Prince Ribbit
  5607 | D:7      | Found a runed translucent door.
  5608 | D:7      | Noticed Crazy Yiuf
  5615 | D:7      | Killed Crazy Yiuf
  6396 | D:8      | Reached XP level 10. HP: 86/91 MP: 9/9
  6844 | D:8      | Found Teneluho's Self-Improvement Boutique.
  7141 | D:9      | Noticed a two-headed ogre
  7153 | D:9      | Killed a two-headed ogre
  7154 | D:9      | Reached skill level 10 in Fighting
  7154 | D:9      | Reached skill level 10 in Axes
  7209 | D:9      | Reached skill level 10 in Armour
  7395 | D:9      | Found a flagged portal.
  7410 | Bailey   | Entered a bailey
  7513 | Bailey   | Reached **** piety under Trog
  7662 | Bailey   | Noticed a gargoyle
  7670 | Bailey   | Killed a gargoyle
  7712 | Bailey   | Identified the +17 crystal plate armour "Beseciqa" {Slay+5}
  7890 | Bailey   | Reached XP level 11. HP: 101/101 MP: 10/10
  8208 | D:10     | Entered Level 10 of the Dungeon
  8500 | D:10     | Reached skill level 10 in Dodging
  8552 | D:10     | Noticed a two-headed ogre
  8561 | D:10     | Killed a two-headed ogre
  9007 | D:10     | Found a bloodstained altar of Trog.
  9175 | D:11     | Noticed a two-headed ogre
  9176 | D:11     | Noticed a four-headed hydra
  9181 | D:11     | Killed a two-headed ogre
  9185 | D:11     | Killed a three-headed hydra
  9244 | D:11     | Found Uniotest's Jewellery Boutique.
  9330 | D:11     | Found Somm's Jewellery Shop.
  9334 | D:11     | Identified the +1 ring mail of the Dwarven Hall {+Inv rC+}
  9335 | D:11     | Found Gaimm's Weapon Boutique.
  9359 | D:11     | Reached ***** piety under Trog
  9545 | D:11     | Found a staircase to the Orcish Mines.
  9649 | D:11     | Found a staircase to the Lair.
  9836 | D:11     | Found Laseof's Antique Weapon Boutique.
 10080 | D:12     | Noticed a brown ugly thing
 10086 | D:12     | Killed a brown ugly thing
 10168 | D:12     | Reached XP level 12. HP: 107/112 MP: 11/11
 10207 | D:12     | Noticed Nergalle
 10209 | D:12     | Killed Nergalle
 10210 | D:12     | Reached skill level 1 in Evocations
 10215 | D:12     | Received a gift from Trog
 10797 | Lair:1   | Entered Level 1 of the Lair of Beasts
 10814 | Lair:1   | Found a frozen archway.
 10826 | IceCv    | Entered an ice cave
 11336 | IceCv    | Noticed an ice dragon
 11351 | IceCv    | Killed an ice dragon
 11744 | Lair:1   | Received a gift from Trog
 11849 | Lair:1   | Identified a scroll of acquirement
 11850 | Lair:1   | Acquired a manual of Armour
 11865 | Lair:1   | Noticed Grum
 11871 | Lair:1   | Killed Grum
 11926 | D:11     | Bought the amulet "Cililu" {rC+ rN++ Regen+} for 926 gold
                  | pieces
 12499 | Lair:2   | Noticed Sonja
 12504 | Lair:2   | Killed Sonja
 12505 | Lair:2   | Reached skill level 5 in Evocations
 12601 | Lair:2   | Found a transporter.
 12608 | Lair:2   | Found a bloodstained altar of Trog.
 12610 | Lair:2   | Found a transporter.
 12614 | Lair:2   | Noticed kalagan's ghost (journeyman DECj)
 12699 | Lair:2   | Noticed Urug
 12707 | Lair:2   | Killed Urug
 12867 | Lair:2   | Noticed a death yak
 12867 | Lair:2   | Noticed a death yak
 12870 | Lair:2   | Noticed a death yak
 12872 | Lair:2   | Noticed a death yak
 12874 | Lair:2   | Noticed a death yak
 12877 | Lair:2   | Killed a death yak
 12879 | Lair:2   | Killed a death yak
 12880 | Lair:2   | Reached XP level 13. HP: 112/122 MP: 12/12
 12946 | Lair:2   | Found a staircase to the Snake Pit.
 13013 | Lair:2   | Noticed Erica
 13027 | Lair:2   | Killed Erica
 13202 | Lair:2   | Noticed Fannar
 13218 | Lair:2   | Killed Fannar
 13499 | Lair:3   | Found a staircase to the Shoals.
 14305 | Lair:4   | Received a gift from Trog
 14306 | Lair:4   | Reached skill level 15 in Armour
 14430 | Lair:4   | Acquired a manual of Ranged Weapons
 14527 | Lair:4   | Reached skill level 1 in Ranged Weapons
 14583 | Lair:4   | Noticed Kirke
 14593 | Lair:4   | Reached XP level 14. HP: 132/132 MP: 13/13
 14597 | Lair:4   | Killed Kirke
 15179 | Lair:5   | Entered Level 5 of the Lair of Beasts
 15494 | Lair:5   | Reached skill level 5 in Ranged Weapons
 15570 | Lair:5   | Identified the ring "Kunkomp" {Ice rN++ Dex+2}
 15762 | Lair:5   | Found a staircase to the Slime Pits.
 15868 | Lair:5   | Received a gift from Trog
 15870 | Lair:5   | Reached skill level 15 in Axes
 15872 | Lair:5   | Reached skill level 15 in Fighting
 15872 | Lair:5   | Reached skill level 10 in Evocations
 16463 | Lair:2   | Reached XP level 15. HP: 141/141 MP: 14/14
 16477 | Lair:2   | Killed kalagan's ghost
 16684 | Orc:1    | Entered Level 1 of the Orcish Mines
 16726 | Orc:2    | Entered Level 2 of the Orcish Mines
 16739 | Orc:2    | Found a staircase to the Elven Halls.
 17185 | Orc:2    | Identified the +9 executioner's axe of Ambiguity {vorpal,
                  | Str+3} (Trog gifted it to you on level 2 of the Orcish
                  | Mines)
 17185 | Orc:2    | Received a gift from Trog
 17274 | Orc:2    | Found Afeegg's Armour Shoppe.
 17274 | Orc:2    | Found Uvuwixil's Magic Scroll Shoppe.
 17274 | Orc:2    | Found Miyfuuhi's Weapon Emporium.
 17288 | Orc:2    | Found Riucvaik's Distillery.
 17292 | Orc:2    | Bought a scroll of identify for 24 gold pieces
 17292 | Orc:2    | Bought a scroll of summoning for 114 gold pieces
 17593 | Orc:1    | Noticed Josephine
 17602 | Orc:1    | Killed Josephine
 17602 | Orc:1    | Received a gift from Trog
 17716 | Orc:1    | Reached skill level 10 in Ranged Weapons
 17717 | Orc:1    | Noticed an orc warlord
 17726 | Orc:1    | Killed an orc warlord
 18223 | Orc:2    | Bought a +2 pair of gloves of dexterity for 322 gold pieces
 18406 | D:13     | Noticed Nessos
 18417 | D:13     | Killed Nessos
 18832 | D:14     | Identified the +9 glaive of Tocwun {vorpal, Str+2} (Trog
                  | gifted it to you on level 14 of the Dungeon)
 18832 | D:14     | Received a gift from Trog
 18922 | D:14     | Found a gate to the Vaults.
 19031 | D:14     | Reached skill level 15 in Dodging
 19231 | D:14     | Reached XP level 16. HP: 152/152 MP: 15/15
 19456 | D:15     | Entered Level 15 of the Dungeon
 19627 | D:15     | Found a glowing silver altar of Zin.
 19627 | D:15     | Found a broken altar of Ashenzari.
 19737 | D:15     | Found a staircase to the Depths.
 19801 | D:15     | Found an iron altar of Okawaru.
 19907 | D:15     | Noticed Azrael
 19910 | D:15     | Reached ****** piety under Trog
 19914 | D:15     | Received a gift from Trog
 19918 | D:15     | Killed Azrael
 19969 | D:15     | Identified the ring "Wuew" {Wiz Will+ rCorr Dex+2}
 19969 | D:15     | Noticed a tengu reaver
 19985 | D:15     | Killed a tengu reaver
 20004 | D:15     | Noticed a storm dragon
 20012 | D:15     | Killed a storm dragon
 20214 | D:15     | Noticed a tengu reaver
 20224 | D:15     | Killed a tengu reaver
 20541 | D:15     | Noticed a tengu reaver
 20547 | D:15     | Killed a tengu reaver
 20861 | Shoals:1 | Entered Level 1 of the Shoals
 20966 | Shoals:1 | Received a gift from Trog
 21070 | Shoals:1 | Reached XP level 17. HP: 165/165 MP: 16/16
 21412 | Shoals:1 | Noticed a kraken
 21423 | Shoals:1 | Killed a kraken
 21650 | Shoals:2 | Identified the +0 ring mail of Doutitwygusk {rC+}
 21955 | Shoals:2 | Received a gift from Trog
 22016 | Shoals:2 | Found Facuq's Antique Armour Shop.
 22027 | Shoals:2 | Bought a smoking chain mail for 218 gold pieces
 22027 | Shoals:2 | Identified the +1 chain mail of Renlog {Str+4} (You bought
                  | it in a shop on level 2 of the Shoals)
 22418 | Shoals:3 | Identified the +9 flail "Narinloe" {drain, Str+6}
 22439 | Shoals:3 | Noticed Ilsuiw
 22466 | Shoals:3 | Killed Ilsuiw
 22759 | Shoals:3 | Found Zaamn's Book Boutique.
 22775 | Shoals:3 | Identified the +7 demon blade "Emidghuwux" {drain, Contam
                  | Int+2 Stlth+}
 23105 | Shoals:4 | Entered Level 4 of the Shoals
 23248 | Shoals:4 | Received a gift from Trog
 23366 | Shoals:4 | Identified the +7 dagger of Roig Lastyi {antimagic, *Slow
                  | rF+ rC- rN+ Str+4}
 23544 | Shoals:4 | Noticed a kraken
 23573 | Shoals:4 | Killed a kraken
 23706 | Shoals:4 | Identified the +7 dagger of Ebept {flame, rElec rC+ Int+4}
 23727 | Shoals:4 | Noticed a kraken
 23856 | Shoals:4 | Killed a kraken
 23892 | Shoals:4 | Got a barnacled rune of Zot
 24035 | Shoals:4 | Noticed Polyphemus
 24049 | Shoals:4 | Killed Polyphemus
 24182 | Shoals:3 | Reached XP level 18. HP: 178/178 MP: 17/17
 24409 | Vaults:1 | Entered Level 1 of the Vaults
 24671 | Vaults:1 | Received a gift from Trog
 25099 | Vaults:1 | Noticed Aizul
 25106 | Vaults:1 | Killed Aizul
 25366 | Vaults:1 | Reached skill level 15 in Ranged Weapons
 25906 | Abyss:2  | Cast into level 2 of the Abyss (a wizard)
 26096 | Abyss:2  | Received a gift from Trog
 26270 | Abyss:2  | Noticed a profane servitor
 26288 | Abyss:2  | Killed a profane servitor
 26293 | Vaults:2 | Escaped the Abyss
 26355 | Vaults:2 | Found a glowing golden altar of the Shining One.
 26364 | Vaults:2 | Found a glowing silver altar of Zin.
 26364 | Vaults:2 | Found a crumbling gateway.
 26364 | Vaults:2 | Found a white marble altar of Elyvilon.
 26368 | Vaults:2 | Reached XP level 19. HP: 188/188 MP: 18/18
 26398 | Desolati | Entered the Desolation of Salt
 26440 | Desolati | Identified the +5 dagger "Waicaire" {flame, rElec rC+++
                  | Dex-3 Stlth-} (Trog gifted it to you in the Desolation of
                  | Salt)
 26440 | Desolati | Received a gift from Trog
 26768 | Desolati | Identified the ring "Rysefe" {Will+ rCorr MP+9 Str+4 Dex+3
                  | Slay-3}
 26773 | Desolati | Identified the ring of Opper {rElec rC+ rCorr}
 26830 | Desolati | Received a gift from Trog
 26876 | Desolati | Identified the ring of Leefrawi {rPois rF+ Str+4 Int-5
                  | Stlth+}
 26933 | Desolati | Identified the +10 war axe of Yrucs {freeze, Will+ Dex+2}
 26934 | Desolati | Identified the ring of Xunenwis {rF- rN+ Will+ Int-3 Dex+5}
 27065 | Abyss:2  | Found a corrupted altar of Lugonu.
 27065 | Abyss:2  | Cast into level 2 of the Abyss (a wizard)
 27223 | Abyss:2  | Gained mutation: Your magical capacity is low. (-10% MP) [a
                  | neqoxec]
 27393 | Abyss:2  | Lost intelligence.
 27398 | Abyss:2  | Noticed a bone dragon
 27409 | Abyss:2  | Killed a bone dragon
 27469 | Abyss:2  | Gained mutation: You sometimes lose your temper in combat.
                  | [a neqoxec]
 27471 | Vaults:2 | Escaped the Abyss
 27534 | Vaults:2 | Identified the +8 battleaxe of Ceane {vorpal, rC+ rCorr
                  | Str+3} (Trog gifted it to you on level 2 of the Vaults)
 27534 | Vaults:2 | Received a gift from Trog
 27759 | Vaults:2 | Lost mutation: Your magical capacity is low. (-10% MP)
                  | [potion of mutation]
 27759 | Vaults:2 | Lost mutation: You sometimes lose your temper in combat.
                  | [potion of mutation]
 27759 | Vaults:2 | Gained mutation: You are partially covered in large bone
                  | plates. (SH +4) [potion of mutation]
 27759 | Vaults:2 | Gained mutation: You are dopey. (Int -2) [potion of
                  | mutation]
 27759 | Vaults:2 | Gained mutation: Your magical capacity is low. (-10% MP)
                  | [potion of mutation]
 28073 | Vaults:2 | Reached XP level 20. HP: 172/199 MP: 17/17
 28165 | Vaults:2 | Received a gift from Trog
 28318 | Vaults:2 | You fall into a shaft and drop 1 floor!
 28410 | Vaults:3 | Found a magical portal.
 28546 | Vaults:3 | Found a flickering gateway to a bazaar.
 28553 | Bazaar   | Entered a bazaar
 28559 | Bazaar   | Found Azeow's Magic Scroll Emporium.
 28559 | Bazaar   | Found Gupehete's Jewellery Shoppe.
 28569 | Bazaar   | Bought a scroll of magic mapping for 82 gold pieces
 28569 | Bazaar   | Bought a scroll of fog for 44 gold pieces
 28569 | Bazaar   | Bought a scroll of immolation for 44 gold pieces
 28569 | Bazaar   | Bought a scroll of teleportation for 33 gold pieces
 28569 | Bazaar   | Bought a scroll of magic mapping for 82 gold pieces
 28569 | Bazaar   | Bought a scroll of blinking for 82 gold pieces
 28665 | WizLab   | Entered The Roulette of Golubria
 28665 | WizLab   | Found a transporter.
 28670 | WizLab   | Found a corrupted altar of Lugonu.
 28702 | WizLab   | Found a transporter.
 28712 | WizLab   | Found a transporter.
 28738 | WizLab   | Found the +2 cloak of the Thief {*Fog Slay-2 SInv Stlth+}
 28760 | WizLab   | Found a transporter.
 28760 | WizLab   | Found a transporter.
 28872 | WizLab   | Found a transporter.
 28907 | WizLab   | Found a transporter.
 28937 | WizLab   | Found a transporter.
 28971 | WizLab   | Found a transporter.
 29044 | WizLab   | Found a corrupted altar of Lugonu.
 29049 | WizLab   | Found a corrupted altar of Lugonu.
 29061 | WizLab   | Found a transporter.
 29154 | Vaults:3 | Received a gift from Trog
 30199 | Vaults:2 | Found a staircase to the Crypt.
 30268 | Vaults:2 | Received a gift from Trog
 30569 | Vaults:4 | Noticed Frederick
 30577 | Vaults:4 | Killed Frederick
 31082 | Vaults:4 | Received a gift from Trog
 31144 | Vaults:4 | Reached XP level 21. HP: 209/209 MP: 17/17
 31488 | Vaults:5 | Entered Level 5 of the Vaults
 31745 | Elf:1    | Entered Level 1 of the Elven Halls
 31829 | Elf:1    | Received a gift from Trog
 31944 | Elf:1    | Noticed Nikola
 31950 | Elf:1    | Killed Nikola
 32308 | Elf:1    | Identified the +8 falchion of the Eternal Warrior {drain,
                  | rElec rC+}
 32338 | Elf:1    | Found a runed translucent gate.
 32338 | Elf:1    | Found a runed translucent gate.
 32338 | Elf:1    | Found a runed translucent gate.
 32338 | Elf:1    | Found a runed translucent gate.
 32338 | Elf:1    | Found a runed translucent gate.
 32339 | Elf:1    | Found a runed translucent gate.
 32945 | Elf:2    | Found a runed translucent gate.
 32945 | Elf:2    | Found a runed translucent gate.
 32945 | Elf:2    | Found a runed translucent gate.
 32960 | Elf:2    | Received a gift from Trog
 33119 | Elf:2    | Noticed Agnes
 33130 | Elf:2    | Killed Agnes
 33288 | Elf:2    | Found Imuur's Jewellery Shoppe.
 33710 | Elf:2    | Noticed Zenata
 33723 | Elf:2    | Killed Zenata
 33976 | Elf:3    | Entered Level 3 of the Elven Halls
 34086 | Elf:3    | Received a gift from Trog
 34251 | Elf:3    | Found Gaifinat's Weapon Emporium.
 34286 | Elf:3    | Reached XP level 22. HP: 219/220 MP: 11/18
 34787 | Elf:3    | Received a gift from Trog
 34887 | Elf:3    | Identified the +7 trident of the Shrinking Salmon {drain,
                  | rPois Will+ Stlth+}
 34887 | Elf:3    | Identified the ring of Capt {rPois rCorr Str+6 Dex+2}
 34947 | Elf:3    | Identified the +8 morningstar of Isynin {vorpal, rElec rC+
                  | rCorr Dex-3}
 34956 | Elf:3    | Identified the ring of Jomeopluni {Fly Str+4}
 34965 | Elf:3    | Identified the +8 short sword of the Imperium {speed, rF-
                  | rCorr Stlth+}
 34973 | Elf:3    | Identified the +12 arbalest "Jellyslayer" {speed, rElec
                  | rPois}
 34997 | Elf:3    | Identified the +2 hat of Pandemonium {rF+ Slay+4}
 35755 | Snake:1  | Entered Level 1 of the Snake Pit
 36174 | Snake:1  | Reached skill level 15 in Evocations
 36980 | Snake:1  | You fall into a shaft and drop 1 floor!
 36989 | Snake:2  | Identified the +9 battleaxe of Light {vorpal, Drain rElec
                  | rPois rCorr} (Trog gifted it to you on level 2 of the Snake
                  | Pit)
 36989 | Snake:2  | Received a gift from Trog
 38732 | Snake:3  | Noticed Bai Suzhen
 38748 | Snake:3  | Killed Bai Suzhen
 38902 | Snake:3  | Identified the +8 sling of the Reaper {venom, rF+}
 39103 | Snake:3  | Identified the +12 executioner's axe of Drought {vorpal,
                  | rC+ rCorr Str+4} (Trog gifted it to you on level 3 of the
                  | Snake Pit)
 39103 | Snake:3  | Received a gift from Trog
 39120 | Snake:3  | Noticed Jorgrun
 39130 | Snake:3  | Killed Jorgrun
 39682 | Snake:3  | Noticed Vashnia
 39693 | Snake:3  | Killed Vashnia
 40486 | Snake:4  | Entered Level 4 of the Snake Pit
 40885 | Snake:4  | Reached XP level 23. HP: 231/231 MP: 14/19
 40974 | Snake:4  | Received a gift from Trog
 41485 | Snake:4  | Got a serpentine rune of Zot
 41689 | Snake:4  | Found a runed translucent gate.
 41690 | Snake:4  | Found a runed translucent gate.
 41690 | Snake:4  | Found a runed translucent gate.
 41691 | Snake:4  | Found an opulent altar of Gozag.
 41692 | Snake:4  | Noticed glosham's ghost (adept KoSu)
 41694 | Snake:4  | Found Luwnowkeima's Assorted Antiques.
 41704 | Snake:4  | Killed glosham's ghost
 41739 | Snake:4  | Bought a potion of haste for 430 gold pieces
 41742 | Snake:4  | Acquired the ring of Daffodils {Fly rC+ Will+ Dex+3}
 41745 | Snake:4  | Acquired a manual of Evocations
 41750 | Snake:4  | Acquired the ring of Ozib {rElec rF+ rN++ Str-2 Dex+6}
 41895 | Snake:4  | Received a gift from Trog
 42301 | Vaults:5 | Received a gift from Trog
 42492 | Vaults:5 | Noticed a dread lich
 42498 | Vaults:5 | Killed a dread lich
 43125 | Vaults:5 | Got a silver rune of Zot
 43147 | Vaults:5 | Found the +8 Wrath of Trog {antimagic, *Rage Rampage}
 43154 | Vaults:5 | Identified the +5 war axe of Hemeukuyji {pain, rC++ Str-5
                  | Int+3}
 43213 | Vaults:5 | Noticed Sojobo
 43223 | Vaults:5 | Killed Sojobo
 43559 | Vaults:5 | Paralysed by a great orb of eyes for 2 turns
 44058 | Vaults:5 | Found Yruedgham's Weapon Shoppe.
 44359 | Crypt:1  | Entered Level 1 of the Crypt
 44481 | Crypt:1  | Reached XP level 24. HP: 230/243 MP: 0/19
 44530 | Crypt:1  | Received a gift from Trog
 45169 | Crypt:1  | You fall into a shaft and drop 1 floor!
 46081 | Crypt:2  | Received a gift from Trog
 46530 | Crypt:2  | Lost intelligence.
 46539 | Crypt:2  | Identified the ring of Qadghiost {Fly Dex+3 Stlth+}
 46541 | Crypt:2  | Identified the +3 sling of Grace {vorpal, Will+ Str+4}
 46599 | Crypt:3  | Entered Level 3 of the Crypt
 46824 | Crypt:3  | Noticed Mennas
 46831 | Crypt:3  | Killed Mennas
 46833 | Crypt:3  | Found a staircase to the Tomb.
 47177 | Crypt:3  | Noticed a dread lich
 47177 | Crypt:3  | Noticed an ancient lich
 47416 | Crypt:3  | Found the +8 demon trident "Rift" {distort, reach+}
 47502 | Crypt:3  | Gained mutation: You are clumsy. (Dex -2) [a cacodemon]
 47505 | Crypt:3  | Killed a dread lich
 47505 | Crypt:3  | Killed an ancient lich
 47532 | Crypt:3  | Lost mutation: You are dopey. (Int -2) [potion of mutation]
 47532 | Crypt:3  | Lost mutation: Your magical capacity is low. (-10% MP)
                  | [potion of mutation]
 47532 | Crypt:3  | Lost mutation: You are partially covered in large bone
                  | plates. (SH +4) [potion of mutation]
 47532 | Crypt:3  | Gained mutation: You are robust. (+10% HP) [potion of
                  | mutation]
 47532 | Crypt:3  | Gained mutation: Armour fits poorly on your strangely
                  | shaped body. [potion of mutation]
 47532 | Crypt:3  | Gained mutation: You have a somewhat thin skeletal
                  | structure. (Dex +2, Stealth+) [potion of mutation]
 47532 | Crypt:3  | Lost mutation: You are clumsy. (Dex -2) [potion of
                  | mutation]
 47533 | Crypt:3  | Lost mutation: You have a somewhat thin skeletal structure.
                  | (Dex +2, Stealth+) [potion of mutation]
 47533 | Crypt:3  | Lost mutation: Armour fits poorly on your strangely shaped
                  | body. [potion of mutation]
 47533 | Crypt:3  | Lost mutation: You are robust. (+10% HP) [potion of
                  | mutation]
 47533 | Crypt:3  | Gained mutation: Your magical capacity is low. (-10% MP)
                  | [potion of mutation]
 47533 | Crypt:3  | Gained mutation: You are somewhat resistant to further
                  | mutation. [potion of mutation]
 47927 | Slime:1  | Entered Level 1 of the Pits of Slime
 48042 | Slime:5  | Entered Level 5 of the Pits of Slime
 48278 | Slime:5  | Paralysed by a great orb of eyes for 4 turns
 48452 | Slime:5  | Identified the +9 battleaxe "Tibbig" {vorpal, rElec rC+
                  | rN++ rCorr} (Trog gifted it to you on level 5 of the Pits
                  | of Slime)
 48452 | Slime:5  | Received a gift from Trog
 48599 | Slime:5  | Found a viscous altar of Jiyva.
 48676 | Slime:5  | Noticed the Royal Jelly
 48685 | Slime:5  | Killed the Royal Jelly
 48749 | Slime:5  | Got a slimy rune of Zot
 48772 | Slime:5  | Identified the +6 quarterstaff of Recklessness {drain,
                  | rPois rCorr Dex+4}
 48773 | Slime:5  | Identified the +5 dagger "Killer Bee's Curse" {venom, rF+
                  | Stlth+}
 48850 | Slime:4  | Gained mutation: Your body sometimes deteriorates upon
                  | taking damage. [a shining eye]
 49044 | Lair:5   | Lost mutation: Your magical capacity is low. (-10% MP)
                  | [potion of mutation]
 49044 | Lair:5   | Lost mutation: You are somewhat resistant to further
                  | mutation. [potion of mutation]
 49044 | Lair:5   | Lost mutation: Your body sometimes deteriorates upon taking
                  | damage. [potion of mutation]
 49044 | Lair:5   | Gained mutation: You are dopey. (Int -2) [potion of
                  | mutation]
 49044 | Lair:5   | Lost intelligence.
 49044 | Lair:5   | Gained mutation: You are very dopey. (Int -4) [potion of
                  | mutation]
 49044 | Lair:5   | Gained mutation: You have hidden genetic potential. [potion
                  | of mutation]
 49047 | Lair:5   | Lost mutation: You are very dopey. (Int -4) [potion of
                  | mutation]
 49047 | Lair:5   | Lost mutation: You have hidden genetic potential. [potion
                  | of mutation]
 49047 | Lair:5   | Lost mutation: You are dopey. (Int -2) [potion of mutation]
 49047 | Lair:5   | Gained mutation: You passively map a small area around you.
                  | [potion of mutation]
 49047 | Lair:5   | Gained mutation: You are strong-willed. (Will+) [potion of
                  | mutation]
 49281 | Depths:1 | Entered Level 1 of the Depths
 49304 | Depths:1 | Reached XP level 25. HP: 253/253 MP: 19/22
 49488 | Depths:1 | Found Unot's Book Shop.
 49493 | Depths:1 | Found But Gaerunei's Assorted Antiques.
 49493 | Depths:1 | Found Pago's Antique Armour Boutique.
 49503 | Depths:1 | Found Puempiq's General Store.
 49584 | Depths:1 | Bought a pair of embroidered gloves for 232 gold pieces
 49593 | Depths:1 | Bought a pair of runed boots for 307 gold pieces
 49597 | Depths:1 | Bought a potion of curing for 63 gold pieces
 49597 | Depths:1 | Bought 2 potions of heal wounds for 210 gold pieces
 50028 | Depths:1 | Found a gateway to Hell.
 50524 | Depths:2 | Received a gift from Trog
 50742 | Depths:2 | Noticed the Enchantress
 50762 | Depths:2 | Killed the Enchantress
 51000 | Depths:2 | Identified the +7 battleaxe "Mathyroo" {vorpal, rN+ Str+4
                  | Int-3} (Trog gifted it to you on level 2 of the Depths)
 51000 | Depths:2 | Received a gift from Trog
 51028 | Depths:2 | Reached skill level 27 in Axes
 51029 | Depths:2 | Reached skill level 27 in Fighting
 51430 | Depths:2 | Identified the +1 chain mail "Cososio" {Slay+3}
 51437 | Depths:2 | Found an opulent altar of Gozag.
 51929 | Depths:2 | Found a one-way gate leading to the halls of Pandemonium.
 52104 | Depths:2 | Found a corrupted altar of Lugonu.
 52104 | Depths:2 | Found a one-way gate to the infinite horrors of the Abyss.
 52323 | Depths:2 | Acquired a manual of Evocations
 52361 | Depths:3 | Noticed Margery
 52363 | Depths:3 | Received a gift from Trog
 52377 | Depths:3 | Killed Margery
 52649 | Depths:3 | Found a one-way gateway to a ziggurat.
 52859 | Depths:3 | Found Jostreokk's Serpentskin Sales.
 52969 | Depths:3 | Reached XP level 26. HP: 257/266 MP: 2/22
 53119 | Depths:3 | Found a blossoming altar of Fedhas.
 53335 | Depths:4 | Entered Level 4 of the Depths
 53363 | Depths:4 | Found an ancient bone altar of Kikubaaqudgha.
 54282 | Depths:4 | Received a gift from Trog
 54330 | Depths:4 | Found a gate to the Realm of Zot.
 54719 | Depths:3 | Voluntarily entered the Abyss.
 54899 | Abyss:3  | Found a corrupted altar of Lugonu.
 54900 | Abyss:3  | Found a corrupted altar of Lugonu.
 54900 | Abyss:3  | Found a corrupted altar of Lugonu.
 55253 | Abyss:3  | Received a gift from Trog
 55367 | Abyss:3  | Gained mutation: You are partially covered in iridescent
                  | scales. (AC +2) [a neqoxec]
 55450 | Abyss:3  | Noticed a dread lich
 55458 | Abyss:3  | Killed a dread lich
 55617 | Abyss:3  | Gained mutation: Your body sometimes deteriorates upon
                  | taking damage. [a neqoxec]
 55636 | Abyss:3  | Paralysed by accursed screaming for 2 turns
 55643 | Abyss:3  | Received a gift from Trog
 55772 | Abyss:3  | Noticed a dread lich
 55780 | Abyss:3  | Killed a dread lich
 55782 | Abyss:3  | Got an abyssal rune of Zot
 55788 | Depths:3 | Escaped the Abyss
 55791 | Depths:3 | Lost mutation: You passively map a small area around you.
                  | [potion of mutation]
 55791 | Depths:3 | Lost mutation: You are partially covered in iridescent
                  | scales. (AC +2) [potion of mutation]
 55791 | Depths:3 | Lost mutation: Your body sometimes deteriorates upon taking
                  | damage. [potion of mutation]
 55791 | Depths:3 | Gained mutation: You have supernaturally acute eyesight.
                  | (SInv) [potion of mutation]
 55791 | Depths:3 | Lost mutation: You have supernaturally acute eyesight.
                  | (SInv) [potion of mutation]
 55791 | Depths:3 | Gained mutation: Your mind is acute. (Int +4, Str/Dex -1)
                  | [potion of mutation]
 55848 | Zot:1    | Entered Level 1 of the Realm of Zot
 56783 | Zot:2    | Noticed an orb of fire
 56788 | Zot:2    | Gained mutation: Your spells are a little easier to cast,
                  | but a little less powerful. [an orb of fire]
 56791 | Zot:2    | Killed an orb of fire
 56825 | Zot:2    | Received a gift from Trog
 57386 | Zot:2    | Reached XP level 27. HP: 266/273 MP: 13/22
 58367 | Zot:3    | Reached skill level 27 in Armour
 59128 | Zot:4    | Received a gift from Trog
 59307 | Zot:4    | Identified the +4 robe "Nituezu" {+Inv rCorr}
 60024 | Zot:5    | Entered Level 5 of the Realm of Zot
 60040 | Zot:5    | Received a gift from Trog
 60715 | Hell     | Entered the Vestibule of Hell
 60715 | Hell     | Noticed Geryon
 60731 | Hell     | Killed Geryon
 60748 | Hell     | Reached skill level 27 in Dodging
 60862 | Hell     | Found a gateway to the ashen valley of Gehenna.
 60867 | Hell     | Received a gift from Trog
 61262 | Hell     | Found a gateway to the decaying netherworld of Tartarus.
 61562 | Hell     | Found a gateway to the Iron City of Dis.
 61709 | Hell     | Found a gateway to the freezing wastes of Cocytus.
 61832 | Pan      | Entered Pandemonium
 62359 | Pan      | Noticed Wurphof the pandemonium lord
 62365 | Pan      | Killed Wurphof the pandemonium lord
 62892 | Pan      | Found an exit through the horrors of the Abyss.
 62996 | Pan      | Identified the +0 ring mail of Nihilism {rN+}
 63254 | Pan      | Found a runed translucent door.
 63822 | Pan      | Received a gift from Trog
 63871 | Pan      | Noticed Keatez the pandemonium lord
 64106 | Pan      | Killed Keatez the pandemonium lord
 64720 | Pan      | Found a transporter.
 64775 | Pan      | Found a transporter.
 65038 | Pan      | Gained mutation: Armour fits poorly on your strangely
                  | shaped body. [a neqoxec]
 65649 | Pan      | Identified the +5 arbalest "Sest" {vorpal, rN++}
 65658 | Pan      | Identified the ring "Ettupsu" {rElec MP+9 Str+6 Int-2
                  | Dex+4}
 65669 | Pan      | Identified the ring of Tekkeuf {Str+6 Int+5}
 65730 | Pan      | Gained mutation: You are frail. (-10% HP) [a cacodemon]
 65741 | Pan      | Noticed Dedamuax the pandemonium lord
 65746 | Pan      | Gained mutation: You occasionally shout uncontrollably at
                  | your foes. [a neqoxec]
 65762 | Pan      | Killed Dedamuax the pandemonium lord
 65791 | Pan      | Lost mutation: Armour fits poorly on your strangely shaped
                  | body. [potion of mutation]
 65791 | Pan      | Lost mutation: You occasionally shout uncontrollably at
                  | your foes. [potion of mutation]
 65791 | Pan      | Lost mutation: Your spells are a little easier to cast, but
                  | a little less powerful. [potion of mutation]
 65791 | Pan      | Gained mutation: You have large cloven feet. [potion of
                  | mutation]
 65791 | Pan      | Gained mutation: You passively map a small area around you.
                  | [potion of mutation]
 65791 | Pan      | Gained mutation: You are agile. (Dex +4, Str/Int -1)
                  | [potion of mutation]
 65998 | Pan      | Gained mutation: Your magical capacity is low. (-10% MP) [a
                  | neqoxec]
 66048 | Pan      | Gained mutation: You have hidden genetic defects. [a
                  | neqoxec]
 66054 | Pan      | Received a gift from Trog
 66154 | Pan      | Gained mutation: Your body sometimes deteriorates upon
                  | taking damage. [a neqoxec]
 66173 | Pan      | Lost mutation: You have hidden genetic defects. [potion of
                  | mutation]
 66173 | Pan      | Lost mutation: You are frail. (-10% HP) [potion of
                  | mutation]
 66173 | Pan      | Lost mutation: Your body sometimes deteriorates upon taking
                  | damage. [potion of mutation]
 66173 | Pan      | Gained mutation: You passively dampen the noise of your
                  | surroundings. [potion of mutation]
 66173 | Pan      | Gained mutation: You passively map the area around you.
                  | [potion of mutation]
 66173 | Pan      | Gained mutation: You are robust. (+10% HP) [potion of
                  | mutation]
 66290 | Pan      | Noticed Nesegu the pandemonium lord
 66300 | Pan      | Killed Nesegu the pandemonium lord
 66579 | Pan      | Found an exit through the horrors of the Abyss.
 66976 | Pan      | Found a runed translucent door.
 66983 | Pan      | Found a runed translucent door.
 67484 | Pan      | Received a gift from Trog
 67506 | Pan      | Found a runed translucent door.
 67538 | Pan      | Found a runed translucent door.
 68712 | Pan      | Lost mutation: You are agile. (Dex +4, Str/Int -1) [a
                  | neqoxec]
 68759 | Pan      | Noticed Zid Enia the pandemonium lord
 68768 | Pan      | Killed Zid Enia the pandemonium lord
 68844 | Pan      | Entered the realm of Lom Lobon.
 68870 | Pan      | Reached skill level 27 in Evocations
 69369 | Pan      | Received a gift from Trog
 69370 | Pan      | Noticed Lom Lobon
 69394 | Pan      | Killed Lom Lobon
 69465 | Pan      | Got a magical rune of Zot
 69532 | Pan      | Entered the realm of Cerebov.
 70079 | Pan      | Found an exit through the horrors of the Abyss.
 70704 | Pan      | Received a gift from Trog
 70903 | Pan      | Found the +6 sword of Cerebov {flame}
 70903 | Pan      | Noticed Cerebov
 70918 | Pan      | Killed Cerebov
 70936 | Pan      | Identified the +3 sling of Dataddea {freeze, SInv}
 71073 | Pan      | Identified the -2 pair of gloves of the Elven Halls {rElec
                  | rC+ Int+2}
 71093 | Pan      | Identified the +10 arbalest of the Foot {flame, rC+ Int+3
                  | Dex+4}
 71119 | Pan      | Got a fiery rune of Zot
 71158 | Pan      | Entered the realm of Mnoleg.
 71229 | Pan      | Gained mutation: You are weak. (Str -2) [a shining eye]
 71245 | Pan      | Gained mutation: Your spells are a little easier to cast,
                  | but a little less powerful. [a cacodemon]
 71398 | Pan      | Gained mutation: You are clumsy. (Dex -2) [a neqoxec]
 71425 | Pan      | Noticed Mnoleg
 71427 | Pan      | Gained mutation: Your body sometimes deteriorates upon
                  | taking damage. [Mnoleg's mutagenic touch]
 71428 | Pan      | Lost mutation: Your mind is acute. (Int +4, Str/Dex -1) [a
                  | shining eye]
 71443 | Pan      | Killed Mnoleg
 71509 | Pan      | Got a glowing rune of Zot
 71595 | Pan      | Entered the realm of Gloorx Vloq.
 71597 | Pan      | Lost mutation: Your magical capacity is low. (-10% MP)
                  | [potion of mutation]
 71597 | Pan      | Lost mutation: You are weak. (Str -2) [potion of mutation]
 71597 | Pan      | Lost mutation: You are strong-willed. (Will+) [potion of
                  | mutation]
 71598 | Pan      | Lost mutation: You are clumsy. (Dex -2) [potion of
                  | mutation]
 71598 | Pan      | Lost mutation: You have large cloven feet. [potion of
                  | mutation]
 71598 | Pan      | Lost intelligence.
 71598 | Pan      | Gained mutation: You are dopey. (Int -2) [potion of
                  | mutation]
 71598 | Pan      | Lost mutation: You passively map the area around you.
                  | [potion of mutation]
 71600 | Pan      | Lost mutation: You are dopey. (Int -2) [potion of mutation]
 71600 | Pan      | Lost mutation: Your body sometimes deteriorates upon taking
                  | damage. [potion of mutation]
 71600 | Pan      | Gained mutation: You are somewhat resistant to further
                  | mutation. [potion of mutation]
 71600 | Pan      | Gained mutation: You expend magic power (3 MP) to
                  | strengthen your wands. [potion of mutation]
 72089 | Pan      | Noticed Gloorx Vloq
 72125 | Pan      | Killed Gloorx Vloq
 72135 | Pan      | Got a dark rune of Zot
 72229 | Pan      | Found an exit through the horrors of the Abyss.
 72231 | Pan      | Received a gift from Trog
 72410 | Pan      | Noticed Basicega the pandemonium lord
 72421 | Pan      | Paralysed by you for 4 turns
 72430 | Pan      | Killed Basicega the pandemonium lord
 72634 | Pan      | Noticed Huxor the pandemonium lord
 72652 | Pan      | Killed Huxor the pandemonium lord
 72839 | Pan      | Noticed Locusk the pandemonium lord
 72842 | Pan      | Received a gift from Trog
 72853 | Pan      | Killed Locusk the pandemonium lord
 73024 | Pan      | Found an exit through the horrors of the Abyss.
 73369 | Pan      | Found a glowing golden altar of the Shining One.
 73369 | Pan      | Noticed a seraph
 73371 | Pan      | Identified the +0 tower shield of the Special Planets
                  | {rPois rF+ Dex-3}
 73379 | Pan      | Killed a seraph
 73393 | Pan      | Identified the +2 helmet of Egalitarianism {Fly rElec}
 73399 | Pan      | Got a demonic rune of Zot
 73406 | Pan      | Identified the ring "Jyegiob" {rC++ rN+ rCorr Int-4 Stlth+}
 73410 | Pan      | Acquired a manual of Throwing
 74094 | Pan      | Received a gift from Trog
 74315 | Pan      | Found a glowing silver altar of Zin.
 74342 | Pan      | Identified the +6 quarterstaff of the Winnowing Madman
                  | {protect, rElec Will+ Str+2 Int+3}
 75705 | Pan      | Reached skill level 27 in Ranged Weapons
 75718 | Pan      | Reached skill level 1 in Throwing
 75860 | Pan      | Found a white marble altar of Elyvilon.
 75911 | Pan      | Identified the +4 halberd "Killer Klown's Foe" {vorpal,
                  | Str+5 Dex+9}
 75921 | Pan      | Reached skill level 5 in Throwing
 76410 | Depths:3 | Escaped Pandemonium
 76499 | Geh:1    | Entered Level 1 of Gehenna
 76745 | Geh:1    | Reached skill level 10 in Throwing
 76884 | Geh:2    | Received a gift from Trog
 77091 | Geh:3    | Noticed a juggernaut
 77104 | Geh:3    | Killed a juggernaut
 77232 | Geh:3    | Noticed a juggernaut
 77242 | Geh:3    | Noticed a juggernaut
 77243 | Geh:3    | Killed a juggernaut
 77252 | Geh:3    | Killed a juggernaut
 77295 | Geh:3    | Received a gift from Trog
 77462 | Geh:3    | Noticed a juggernaut
 77472 | Geh:3    | Killed a juggernaut
 77473 | Geh:3    | Reached skill level 15 in Throwing
 78703 | Geh:7    | Entered Level 7 of Gehenna
 79133 | Geh:7    | Found the +7 sceptre of Asmodeus
 79133 | Geh:7    | Noticed Asmodeus
 79143 | Geh:7    | Killed Asmodeus
 79198 | Geh:7    | Got an obsidian rune of Zot
 79366 | Coc:1    | Entered Level 1 of Cocytus
 79575 | Coc:1    | Paralysed by a wendigo for 1 turns
 79719 | Coc:2    | Noticed an ancient lich
 79732 | Coc:2    | Killed an ancient lich
 80092 | Coc:2    | Paralysed by a wendigo for 1 turns
 80255 | Coc:3    | You are sucked into a shaft and drop 3 floors!
 80562 | Coc:7    | Entered Level 7 of Cocytus
 80565 | Coc:7    | Received a gift from Trog
 80595 | Coc:7    | Paralysed by a wendigo for 1 turns
 80800 | Coc:7    | Noticed an ancient lich
 80812 | Coc:7    | Killed an ancient lich
 81326 | Coc:7    | Identified the +6 flail "Kujemn" {vorpal, rC+ rN+}
 81328 | Coc:7    | Identified the amulet "Amnesh" {Spirit rN+ Dex+4 Stlth+}
 81544 | Coc:7    | Received a gift from Trog
 82050 | Coc:7    | Paralysed by a wendigo for 1 turns
 82086 | Coc:7    | Found the +6 lightning scales {swift, rElec}
 82086 | Coc:7    | Noticed Antaeus
 82588 | Coc:7    | Killed Antaeus
 82591 | Coc:7    | Identified the ring of the Sun {rElec rC+ Dex+6}
 82600 | Coc:7    | Got an icy rune of Zot
 82746 | Tar:1    | Entered Level 1 of Tartarus
 82982 | Dis:1    | Entered Level 1 of the Iron City of Dis
 82982 | Dis:1    | Noticed an ancient lich
 82994 | Dis:1    | Killed an ancient lich
 83173 | Dis:1    | Reached skill level 5 in Stealth
 83952 | Dis:2    | Received a gift from Trog
 84989 | Dis:4    | Reached skill level 10 in Stealth
 85441 | Dis:6    | Received a gift from Trog
 85797 | Dis:7    | Entered Level 7 of the Iron City of Dis
 86224 | Dis:7    | Reached skill level 15 in Stealth
 86449 | Dis:7    | Noticed a juggernaut
 86455 | Dis:7    | Killed a juggernaut
 86482 | Dis:7    | Identified the amulet of Seopeept {RegenMP rPois Will+}
 86972 | Dis:7    | Received a gift from Trog
 87256 | Dis:7    | Noticed a juggernaut
 87263 | Dis:7    | Killed a juggernaut
 87293 | Dis:7    | Identified the ring of Ocil {Ice rElec Stlth+}
 87296 | Dis:7    | Identified the +6 spear "Gunteg" {elec, Stlth+}
 87919 | Dis:7    | Found the +4 staff of Dispater
 87919 | Dis:7    | Noticed Dispater
 87928 | Dis:7    | Noticed a juggernaut
 87937 | Dis:7    | Killed a juggernaut
 87938 | Dis:7    | Killed Dispater
 88099 | Dis:7    | Identified the amulet of Meuk {rF+ Will+ Regen+}
 88105 | Dis:7    | Got an iron rune of Zot
 88125 | Dis:7    | Identified the +7 trident of the Globe {spect, Str+3 Dex+4
                  | Stlth+}
 88625 | Tar:1    | You fall into a shaft and drop 1 floor!
 89543 | Tar:6    | Received a gift from Trog
 89830 | Tar:7    | Entered Level 7 of Tartarus
 89844 | Tar:7    | Noticed an ancient lich
 89864 | Tar:7    | Killed an ancient lich
 90003 | Tar:7    | Noticed a dread lich
 90011 | Tar:7    | Killed a dread lich
 90437 | Tar:7    | Identified the ring "Taorewuref" {rN+ Int+2}
 90440 | Tar:7    | Identified the +2 battleaxe of the Special Youths {vorpal,
                  | Will+}
 90441 | Tar:7    | Identified the ring "Seguizont" {rF- rN++ EV+4 Dex+6}
 90808 | Tar:7    | Identified the ring of Liump {Ice rPois Will+ rCorr Dex+7}
 90822 | Tar:7    | Identified the +0 scale mail of Free Expression {rC+ rCorr
                  | Int+4}
 90967 | Tar:7    | Noticed a dread lich
 90971 | Tar:7    | Paralysed by a dread lich for 5 turns
 90979 | Tar:7    | Killed a dread lich
 91172 | Tar:7    | Identified the +6 broad axe "Kuihuy" {freeze, SInv}
 91183 | Tar:7    | Found the ring of the Mage {Wiz Archmagi}
 91196 | Tar:7    | Identified the +4 spear "Vag Has" {venom, rElec}
 91269 | Tar:7    | Received a gift from Trog
 91604 | Tar:7    | Found the +4 moon troll leather armour {Spirit, Regen++
                  | MP+5}
 91725 | Tar:7    | Identified the +6 spear of Tomorrow {drain, Will+ Dex+2
                  | Stlth+}
 91730 | Tar:7    | Identified the +2 hand axe of the Crypt {flame, Int+6}
 91789 | Tar:7    | Noticed the Serpent of Hell
 91815 | Tar:7    | Killed the Serpent of Hell
 92316 | Tar:7    | Noticed Ereshkigal
 92486 | Tar:7    | Killed Ereshkigal
 92577 | Tar:7    | Got a bone rune of Zot
 93109 | Tomb:1   | Entered Level 1 of the Tomb of the Ancients
 93503 | Tomb:1   | Noticed a royal mummy
 93508 | Tomb:1   | Noticed a royal mummy
 93508 | Tomb:1   | Noticed a royal mummy
 93511 | Tomb:1   | Noticed a royal mummy
 93519 | Tomb:1   | Killed a royal mummy
 93520 | Tomb:1   | Killed a royal mummy
 93520 | Tomb:1   | Received a gift from Trog
 93527 | Tomb:1   | HP: 33/675 [royal mummy (4)]
 93528 | Tomb:1   | Killed a royal mummy
 93528 | Tomb:1   | HP: 14/675 [royal mummy/divine providence (8)]
 93530 | Tomb:1   | HP: 6/675 [death scarab[a royal mummy] (8)]
 93535 | Tomb:1   | Killed a royal mummy
 93545 | Tomb:1   | HP: 22/450 [bennu (16)]
 93545 | Tomb:1   | HP: 6/450 [bennu (10)]
 93545 | Tomb:1   | Slain by a bennu

Illustrated notes

Levels and vault maps discovered:
D:1:      mrwooster_arrival_arrow, layout_loops_ring, serial_shops, shop_statue,
          shop, shop, nicolae_shop_behind_doors, nicolae_shop_waterfront,
          dreamdust_ecumenical_altar_angels_and_demons,
          minmay_misc_feat_nine_boxes, minmay_misc_feat_columns
D:2:      layout_basic, basic_altar
D:3:      layout_loops_ring, mainiacjoe_overflow_surrounded_room,
          chequers_temple_overflow_statue_of_worship
D:4:      layout_basic, uniq_pikel
D:5:      layout_basic, pf_just_have_faith, hellmonk_ghost_happy_afterlife
D:6:      layout_loops_ring, minmay_temple_entry_waves, uniq_eustachio,
          uniq_grinder
D:7:      layout_basic, uniq_crazy_yiuf_cottage, uniq_prince_ribbit1
D:8:      layout_basic, nicolae_shop_self_help
D:9:      layout_roguey, enter_bailey_5
D:10:     layout_long_grid, marbit_many_paths
D:11:     layout_irregular_city, erik_lair_island, david_orc_1_choice,
          serial_shops, nicolae_shop_statue_plus, nicolae_shop_statue_plus,
          shop, nicolae_shop_trees, dreamdust_wishing_well, grunt_ministairs_6
D:12:     layout_roguey, grunt_ministairs_2, uniq_nergalle
D:13:     layout_cave_pools, uniq_nessos
D:14:     layout_rooms, erik_vaults_1, grunt_decor_fettered, minivault_7
D:15:     hangedman_slaughterboxes, uniq_azrael
Lair:1:   layout_hall_layers, portal_ice_cave_entry_imps, uniq_grum
Lair:2:   layout_regular_city, minmay_snake_entry_six_corridors,
          gammafunk_ghost_wrathful_warriors, serial_bayou_shore_a, uniq_urug,
          uniq_fannar, uniq_erica, uniq_sonja
Lair:3:   layout_small_grid, elwin_shoals_entry_rocks
Lair:4:   layout_small_grid, kennysheep_basilisk_garden, uniq_kirke
Lair:5:   grunt_lair_end_beastmaster, layout_regular_city, slime_entry_1,
          minmay_shattered_shrine
Shoals:1: layout_shoals, nicolae_shoals_circle_sea_wall
Shoals:2: layout_shoals, serial_shops, nicolae_shop_trees,
          nicolae_shoals_secluded_bog
Shoals:3: layout_shoals, serial_shops, shop, uniq_ilsuiw
Shoals:4: shoals_end_hangedman, layout_shoals, nicolae_shoals_aquamancer_cove,
          uniq_polyphemus
Snake:1:  layout_layer_cave, serial_bayou_pond_b
Snake:2:  cheibrodos_snake_lava_hold, layout_basic, nicolae_coiled_stairwell_up,
          grunt_megastairs_2
Snake:3:  layout_layer_cave, serial_bayou, serial_bayou_lagoon_a,
          serial_bayou_pond_e, serial_bayou_lagoon_b, serial_bayou_shore_b,
          lemuel_fruit_tree, uniq_vashnia, uniq_jorgrun, uniq_bai_suzhen
Snake:4:  grunt_snake_rune_spirals, layout_onion_interference,
          ebering_ghost_gozag, grunt_ministairs_6
Slime:1:  layout_caves
Slime:2:  layout_caves
Slime:3:  layout_caves, nicolae_slime_round_cave
Slime:4:  layout_caves
Slime:5
Orc:1:    layout_diamond_mine, elf_legates, uniq_josephine
Orc:2:    st_orc_mages, layout_diamond_mine
Elf:1:    eino_elf_arrival_sip, layout_geoelf_diagonals, orc_legates,
          uniq_nikola
Elf:2:    elven_hall_of_blades_hangedman_original
          [nicolae_blade_entry_sentries_behind_glass], layout_gridlike,
          serial_shops, nicolae_shop_temple_entry_statues_fountains,
          st_stairs_8, uniq_zenata, uniq_agnes
Elf:3:    elf_hall, layout_geoelf_octagon, serial_shops, shop
Vaults:1: nicolae_vaults_network_square, vaults_room_large_hall, v_misc_1,
          ontoclasm_vaults_hangar, grunt_vaults_twisty,
          grunt_vaults_hallway_short, vaults_room_grunt_arrival_ludios,
          st_cells, v_misc_10, v_alt_pattern_1, hangedman_vaults_slither,
          nicolae_vaults_hallways_thing, grunt_vaults_bifocal, v_misc_17,
          ontoclasm_vaults_ligature, layout_vaults_maze_bifur, uniq_aizul
Vaults:2: portal_desolation_entry_holy_temple, serial_ice_m, v_alt_pattern_1,
          ontoclasm_vaults_ring_square, v_misc_5, minmay_crypt_entry_vampire_xt,
          vaults_mumra_minichess_inversion, v_misc_14, ontoclasm_vaults_eye,
          vaults_room_corners, vaults_dpeg_hooks, vaults_dpeg_diagonal,
          nicolae_vaults_yaktaur_gun_rack, ontoclasm_vaults_spin,
          layout_vaults_ring
Vaults:3: mu_enter_wizlab_4, vaults_room_glass_cross,
          nicolae_vaults_network_quinsquares
          [nicolae_vaults_network_quincunx_subvault,
          nicolae_vaults_network_quincunx_subvault,
          nicolae_vaults_network_quincunx_subvault,
          nicolae_vaults_network_quincunx_subvault], hangedman_vaults_maws,
          vaults_dpeg_emergency_exit, nicolae_vaults_network_quincunx
          [nicolae_vaults_network_quincunx_subvault,
          nicolae_vaults_network_quincunx_subvault,
          nicolae_vaults_network_quincunx_subvault,
          nicolae_vaults_network_quincunx_subvault,
          nicolae_vaults_network_quincunx_subvault], grunt_vaults_funnel,
          nicolae_vaults_angled_halls, v_misc_23, ontoclasm_vaults_idyll,
          vaults_room_door_ring, nicolae_vaults_alarming,
          layout_vaults_omnicross, serial_shops, bzr_entry_islet
Vaults:4: nicolae_vaults_big_angled_halls, vaults_room_pool, v_misc_19,
          v_alt_pattern_6, v_misc_17, v_misc_33,
          ontoclasm_vaults_claustrophobia, nicolae_vaults_twisting_passages,
          nicolae_vaults_theta, layout_vaults_big_room, uniq_frederick
Vaults:5: serial_shops, uniq_sojobo
Crypt:1:  layout_regular_city
Crypt:2:  statuecave_lemuel, layout_misc_corridors,
          roderic_lattice_octagonal_star, lemuel_upstairs_altar, uniq_grunn
Crypt:3:  david_glass_crypt, layout_chaotic_city, serial_glass, glass_columns_b,
          glass_columns_a, glass_columns_b, glass_columns_a,
          minmay_strange_pillars, item_on_display_a, uniq_mennas
Tomb:1
Depths:1: layout_cave_shapes, hell_entry, kennysheep_crisscross,
          kennysheep_generic_room_12, minmay_shoptagon, grunt_megastairs_1
Depths:2: minmay_heptahexagon, layout_honeycomb, nrook_campfire,
          abyss_entry_flame_altar, rand_demon_pan_entry_7, hell_entry,
          hangedman_abyss_or_decor_lesser_grid, nicolae_gozag_seed_capital,
          uniq_enchantress
Depths:3: dreamdust_experimentation, layout_cave_shapes, enter_ziggurat_d,
          abyss_entry, lemuel_coloured_pillars_altar, grunt_mini_vestibule,
          rand_demon_pan_entry_1, guppyfry_shop_venom, firewood_loft,
          uniq_margery, uniq_josephina
Depths:4: grunt_zot_entry_pinwheel, layout_gridlike, abandoned_shop, hell_entry,
          serial_sigils_hangedman_scar, lemuel_zombie_altar_kikubaaqudgha
Hell
Dis:1:    layout_regular_city, nicolae_hells_hurtin_island
Dis:2:    layout_jigsaw
Dis:3:    layout_jigsaw
Dis:4:    layout_overlapping_boxes, serial_glass, glass_columns_c,
          glass_columns_a
Dis:5:    layout_jigsaw
Dis:6:    layout_regular_city
Dis:7:    dis_hangedman
Geh:1:    layout_gehenna_pools_triple
Geh:2:    layout_gehenna_lava_caves, lemuel_flamethrower_3
Geh:3:    nicolae_hells_titanomachy
Geh:4:    layout_gehenna_pools_basic
Geh:5:    layout_gehenna_lava_caves
Geh:6:    layout_gehenna_lava_caves
Geh:7:    geh_hangedman
Coc:1:    layout_cocytus_water_paths
Coc:2:    layout_cocytus_water_paths
Coc:3:    layout_cocytus_water_paths
Coc:6:    layout_cocytus_delve
Coc:7:    coc_grunt
Tar:1:    nicolae_tar_funeral_procession, layout_cathedral_of_symmetry
Tar:2:    layout_grid_maze, nicolae_hells_seeping_fissure
Tar:3:    layout_honeycomb, nicolae_tar_cuneiform_water,
          nicolae_tar_cuneiform_heaven
Tar:4:    layout_grid_maze
Tar:5:    layout_honeycomb, nicolae_tar_cuneiform_two
Tar:6:    nicolae_tar_ssshhh
Tar:7:    tar_old
Zot:1:    layout_cathedral_of_symmetry, grunt_megastairs_5
Zot:2:    layout_concentric_octagons
Zot:3:    layout_onion_interference, st_stairs_6, zot_minivault_1
Zot:4:    layout_misc_corridors
Zot:5:    layout_gridlike

Skill      XL: |  1  2  3  4  5  6  7  8  9 10 11 12 13 14 15 16 17 18 19 20 21 22 23 24 25 26 27 |
---------------+----------------------------------------------------------------------------------+-----
Fighting       | 4 6 8 9 10 12 13 14 15 16 18 19 20 21 22 23 24 25 26 27 | 27.0
Axes           | 4 6 8 9 10 12 13 14 15 16 18 19 20 21 22 23 24 25 26 27 | 27.0
Armour         | 3 5 6 7 9 10 12 13 15 16 17 19 20 21 22 23 25 26 27 | 27.0
Dodging        | 3 4 5 6 8 9 11 12 13 15 16 17 18 19 20 21 22 23 25 27 | 27.0
Evocations     | 5 8 10 11 12 13 14 15 19 27 | 27.0
Ranged Weapons | 2 7 12 13 16 18 27 | 27.0
Throwing       | 23 | 23.1
Stealth        | 22 | 22.8

Action                   |  1- 3 |  4- 6 |  7- 9 | 10-12 | 13-15 | 16-18 | 19-21 | 22-24 | 25-27 || total
-------------------------+-------+-------+-------+-------+-------+-------+-------+-------+-------++-------
Melee: Hand axe          |    48 |    27 |   182 |     2 |       |       |       |       |       ||   259
       Headbutt          |     6 |     4 |    39 |    86 |   145 |   198 |   193 |   257 |  1244 ||  2172
       Punch             |       |       |     3 |     3 |     5 |       |       |       |       ||    11
       War axe           |       |       |    12 |   453 |   413 |       |       |       |       ||   878
       Arbalest          |       |       |       |     2 |       |       |       |       |       ||     2
       Battleaxe         |       |       |       |       |    47 |       |       |       |       ||    47
       Executioner's axe |       |       |       |       |   204 |   801 |   884 |  1041 |  4072 ||  7002
 Fire: Arbalest          |    17 |    35 |   115 |    98 |   153 |   248 |    10 |    26 |   370 ||  1072
       Hand crossbow     |       |       |       |       |       |       |     3 |    13 |       ||    16
Throw: Throwing net      |       |       |       |       |     1 |       |       |     1 |       ||     2
       Javelin           |       |       |       |       |       |       |       |       |    20 ||    20
Invok: Berserk           |       |     1 |     6 |     4 |     5 |     6 |     8 |    13 |    38 ||    81
       Trog's Hand       |       |     1 |     4 |     8 |    13 |    12 |    10 |    18 |    59 ||   125
       Brothers in Arms  |       |       |       |       |       |       |       |       |     6 ||     6
Evoke: Wand              |       |       |       |       |       |       |       |     1 |    21 ||    22
       Phantom mirror    |       |       |       |       |       |       |       |       |     1 ||     1
       Condenser vane    |       |       |       |       |       |       |       |       |     1 ||     1
  Use: Scroll            |       |       |    13 |    11 |     7 |     3 |     4 |     3 |    19 ||    60
       Potion            |       |       |       |       |     2 |     5 |     8 |     5 |    24 ||    44
 Stab: Petrified         |       |       |       |       |     8 |       |       |       |       ||     8
       Distracted        |       |       |       |       |       |       |     1 |     1 |     3 ||     5
       Invisible         |       |       |       |       |       |       |       |       |    13 ||    13
       Paralysed         |       |       |       |       |       |       |       |       |     6 ||     6
Armor: Chain mail        |    37 |    23 |    54 |       |       |       |       |       |       ||   114
       Animal skin       |     1 |       |       |       |       |       |       |       |       ||     1
       Scale mail        |       |       |    27 |    70 |       |       |       |       |       ||    97
       Crystal plate arm |       |       |       |   229 |   426 |   606 |   492 |   570 |  2099 ||  4422
       Skin              |       |       |       |       |       |       |       |       |    81 ||    81
Dodge: Dodged            |    27 |    37 |   155 |   398 |   582 |   922 |   520 |   573 |  3221 ||  6435
       Repelled          |       |       |       |       |       |     3 |    23 |       |       ||    26
Block: Other             |       |       |       |    14 |       |       |    66 |   105 |       ||   185
       Kite shield       |       |       |       |     8 |       |       |       |       |       ||     8
